Selects Australian Defense Battlegroup
Selects Australian Light Infantry Section
Australian Light Infantry Section
Construct Section Command Post
Construct Platoon Command Post
Selects CMP 15cwt Supply Run
Selects Reinforced Resource Caches
Unlock Bishop Self-propelled Artillery
Bishop Self-propelled Artillery
Bishop Self-propelled Artillery
6-pounder Anti-tank Gun Team
Selects Charged Creeping Barrage
Construct Company Command Post
Selects Defensive Tactics
6-pounder Anti-tank Gun Team
Unlock M3 Grant Medium Tanks
Selects Vehicle Over Repair
6-pounder Anti-tank Gun Team
6-pounder Anti-tank Gun Team